 Dungeon Crawl Stone Soup version 0.29.1-4-g47bece8355 (webtiles) character file.

Game seed: 9974078014747935837

19275 Aibolit the Cleaver (level 12, -2/113 HPs)
             Began as a Hill Orc Fighter on Dec 11, 2022.
             Was the Champion of Okawaru.
             Shot with an arrow by a centaur warrior (12 damage)
             ... on level 13 of the Dungeon.
             The game lasted 00:37:03 (16411 turns).

Aibolit the Cleaver (Hill Orc Fighter)             Turns: 16411, Time: 00:37:03

Health: -2/113     AC: 29    Str: 28    XL:     12   Next: 67%
Magic:  12/12      EV:  7    Int: 14    God:    Okawaru [******]
Gold:   845        SH:  8    Dex: 20    Spells: 11/11 levels left

rFire   x . .      SeeInvis +   Q - +11 broad axe "Monlampyq" {speed, Dex+4}
rCold   . . .      Faith    .   c - +0 buckler
rNeg    . . .      Spirit   .   y - +2 plate armour
rPois   +          Reflect  .   S - +1 helmet of Optimism {SInv}
rElec   .          Harm     +   L - +0 cloak
rCorr   +          Rampage  .   P - +2 pair of gloves
Will    +....                   l - +3 pair of boots of Youthful Indiscretion {Harm rCorr Str-2 Dex+6}
Stlth   ..........              v - amulet of Larheotur {Acrobat rF- Will+ Str+6}
HPRegen 0.28/turn               I - ring of poison resistance
MPRegen 0.13/turn               d - +6 ring of intelligence

@: about to teleport
A: no striking features
a: Renounce Religion, Heroism, Finesse, Duel


You were on level 13 of the Dungeon.
You worshipped Okawaru.
Okawaru was exalted by your worship.
You visited 1 branch of the dungeon, and saw 13 of its levels.

You collected 1031 gold pieces.
You spent 186 gold pieces at shops.

Inventory:

Hand Weapons
 Q - the +11 broad axe "Monlampyq" (weapon) {speed, Dex+4}
   (Okawaru gifted it to you on level 11 of the Dungeon)

   Attacks with this weapon are significantly faster.
   Dex:       It affects your dexterity (+4).
Armour
 c - a +0 buckler (worn)
 l - the +3 pair of boots of Youthful Indiscretion (worn) {Harm rCorr Str-2 Dex+6}
   (You acquired it on level 3 of the Dungeon)

   Str:       It affects your strength (-2).
   Dex:       It affects your dexterity (+6).
   rCorr:     It protects you from acid and corrosion.
   Harm:      It increases damage dealt and taken.
 y - a +2 plate armour (worn)
 L - a +0 cloak (worn)
 P - a +2 pair of gloves (worn)
 S - the +1 helmet of Optimism (worn) {SInv}
   (You found it on level 12 of the Dungeon)

   SInv:      It lets you see invisible.
Jewellery
 d - a +6 ring of intelligence (right hand)
 v - the amulet of Larheotur (around neck) {Acrobat rF- Will+ Str+6}
   (You found it on level 6 of the Dungeon)

   [amulet of the acrobat]

   It increases your evasion while moving and waiting.
   Str:       It affects your strength (+6).
   rF:        It makes you vulnerable to fire.
   Will:      It increases your willpower.
 C - a ring of positive energy
 I - a ring of poison resistance (left hand)
Wands
 o - a wand of paralysis (9)
 t - a wand of light (18)
 H - a wand of flame (3)
 J - a wand of polymorph (5)
 M - a wand of roots (11)
Scrolls
 g - 2 scrolls of fog
 i - 2 scrolls of summoning
 j - 4 scrolls of poison
 m - a scroll of torment
 p - 5 scrolls of noise
 q - 3 scrolls of silence
 r - 2 scrolls of amnesia
 w - 2 scrolls of blinking
 B - 2 scrolls of brand weapon
 D - a scroll of vulnerability {unknown}
 G - 3 scrolls of enchant armour
 N - 2 scrolls of magic mapping {unknown}
 O - a scroll of immolation {unknown}
 R - 2 scrolls of enchant weapon
Potions
 b - 6 potions of lignification
 e - 8 potions of attraction
 f - 6 potions of curing
 k - 4 potions of mutation
 s - a potion of berserk rage {unknown}
 u - 3 potions of heal wounds {unknown}
 z - a potion of ambrosia {unknown}
 A - a potion of haste {unknown}
 E - 3 potions of flight
 F - 2 potions of magic {unknown}
 K - 2 potions of might


   Skills:
 + Level 12.8 Fighting
 + Level 13.6 Axes
 + Level 11.8 Armour
 + Level 11.8 Shields


You had 11 spell levels left.
You didn't know any spells.
Your spell library contained the following spells:

 Spells                   Type           Power      Damage    Failure   Level
 Freeze                   Ice            0%         1d3       94%         1
 Magic Dart               Conj           0%         1d3       94%         1
 Necrotise                Necr           0%         1d4       94%         1
 Sandblast                Erth           0%         2d4       94%         1
 Passwall                 Tmut/Erth      0%         N/A       98%         2
 Searing Ray              Conj           0%         2d4       98%         2
 Static Discharge         Conj/Air       0%         3-3/arc   98%         2
 Frozen Ramparts          Ice            0%         1d1       100%        3
 Stone Arrow              Conj/Erth      0%         3d7       100%        3
 Vampiric Draining        Necr           0%         2d6       100%        3
 Dispel Undead            Necr           0%         3d6       100%        4
 Fulminant Prism          Conj/Hex       0%         3d6       100%        4
 Hailstorm                Conj/Ice       0%         3d3       100%        4
 Sticky Flame             Conj/Fire      0%         2d3       100%        4
 Agony                    Necr           0%         N/A       100%        5
 Summon Small Mammal      Summ           Unusable   N/A       N/A         1
 Call Canine Familiar     Summ           Unusable   N/A       N/A         3
 Summon Guardian Golem    Hex/Summ       Unusable   N/A       N/A         3

Dungeon Overview and Level Annotations

Branches:
Dungeon (13/15)            Temple (0/1) D:7            Lair (0/5) D:10
    Orc (0/2) D:9
 Vaults: D:13-14

Altars:
Cheibriados
Fedhas
Gozag
Hepliaklqana
Kikubaaqudgha
Nemelex Xobeh
Okawaru
Sif Muna
Uskayaw
Vehumet
Wu Jian
Xom
Yredelemnul
Zin
The Shining One

Shops:
D:5 ?   D:6 [   D:9 :   D:13 !

Portals:
Trove: D:10 (give +7 demon whip)

Annotations:
D:13 Lodul


Message History

The cherub pecks you but does no damage.
You hit the cherub but do no damage.
The cherub is severely wounded.
The cherub sings a powerful hymn!
The cherub goes into a battle-frenzy!
You slash the cherub!
The cherub is almost dead.
You block the cherub's attack. x2
As you read the scroll of teleportation, it crumbles to dust.
You feel strangely unstable.
The cherub shoots an arrow.
The arrow hits you. The cherub hits you but does no damage.
The cherub gores you but does no damage.
You slash the cherub!
You kill the cherub!
Okawaru is honoured by your kill.
The cherub shoots an arrow.
The arrow hits you!
* * * LOW HITPOINT WARNING * * *
The cherub shoots an arrow.
You block the arrow.
Your surroundings suddenly seem different.
A kobold demonologist, a vampire, a centaur warrior and a cyclops come into view.
Found a runed scarf, a runed longbow and a staff of death.
The kobold demonologist shouts!
The centaur warrior wields a +0 longbow.
The centaur warrior shoots an arrow.
The arrow hits you!
* * * LOW HITPOINT WARNING * * *
The vampire closely misses you. The vampire misses you.
The kobold demonologist misses you.
The cyclops throws a large rock.
The large rock barely misses you.
The large rock hits the kobold demonologist!!
As you read the scroll of teleportation, it crumbles to dust.
You feel strangely unstable.
The centaur warrior shoots an arrow.
The arrow barely misses you.
The arrow hits the kobold demonologist!
The kobold demonologist dies!
The vampire hits you.
* * * LOW HITPOINT WARNING * * *
The vampire bites you.
* * * LOW HITPOINT WARNING * * *
The vampire draws strength from your injuries!
The centaur warrior shoots an arrow.
The arrow hits you!
You die...

#..#
#..#
#..#
#..#
#..#
#..#
#)V#
#@.#
#..#
#^.#
#..#
#cC#
#[)#
##|#
##


You could see a centaur warrior, a cyclops and a vampire.

Vanquished Creatures
  Kirke (D:12)
  3 hydras
  A boulder beetle (D:11)
  4 two-headed ogres
  A cherub (D:13)
  A cyclops (D:12)
  2 manticores
  An ugly thing (D:12)
  A gargoyle (D:12)
  2 kobold demonologists (D:12)
  Psyche (D:8)
  A komodo dragon (D:10)
  2 trolls
  A hornet (D:9)
  8 yaks
  2 wyverns
  3 humans (D:12)
  3 basilisks
  Eustachio (D:5)
  A hog (D:12)
  2 steam dragons (D:5)
  6 vampire mosquitoes
  2 acid dragons (D:10)
  2 water moccasins (D:7)
  An ice beast (D:6)
  5 orc warriors
  2 sky beasts (D:6)
  4 black bears
  13 centaurs
  4 ogres
  A phantom (D:6)
  4 necrophages
  4 kobold brigands
  3 bullfrogs
  7 scorpions
  3 wights (D:8)
  12 killer bees
  3 electric eels (D:10)
  10 howler monkeys
  5 hounds
  10 orc priests
  2 jellies (D:4)
  4 iguanas
  Terence (D:2)
  Jessica (D:3)
  11 orc wizards
  12 adders
  A white imp (D:7)
  An ufetubus (D:5)
  4 worms
  39 orcs
  6 endoplasms
  A giant cockroach (D:3)
  4 goblins
  8 hobgoblins
  2 jackals (D:5)
  5 quokkas
  11 ball pythons
  7 bats
  4 frilled lizards
  23 kobolds
  5 rats
295 creatures vanquished.

Vanquished Creatures (others)
  A kobold demonologist (D:13)
  32 fungi
  5 plants (D:2)
38 creatures vanquished.

Grand Total: 333 creatures vanquished

Notes
Turn   | Place    | Note
-------+----------+-------------------------------------------
     0 | D:1      | Aibolit the Hill Orc Fighter began the quest for the Orb.
     0 | D:1      | Reached XP level 1. HP: 19/19 MP: 1/1
   311 | D:1      | Reached XP level 2. HP: 27/27 MP: 2/2
   316 | D:1      | Reached skill level 3 in Axes
  1373 | D:2      | Reached XP level 3. HP: 33/33 MP: 3/3
  1746 | D:2      | Reached XP level 4. HP: 40/40 MP: 4/4
  1758 | D:2      | Noticed Terence
  1765 | D:2      | Killed Terence
  1827 | D:2      | Found a faded altar of an unknown god.
  2097 | D:3      | Reached skill level 4 in Axes
  2357 | D:3      | Reached XP level 5. HP: 47/47 MP: 5/5
  2357 | D:3      | Found a glowing drain.
  2567 | D:3      | Noticed Jessica
  2571 | D:3      | Killed Jessica
  2837 | D:3      | Found a basalt altar of Yredelemnul.
  3202 | D:3      | Identified a scroll of acquirement
  3203 | D:3      | Acquired the +3 pair of boots of Youthful Indiscretion
                  | {Harm rCorr Str-2 Dex+6}
  3234 | D:4      | Reached skill level 5 in Fighting
  3234 | D:4      | Reached XP level 6. HP: 33/56 MP: 6/6
  3798 | D:4      | Reached skill level 5 in Axes
  4023 | D:4      | Found a snail-covered altar of Cheibriados.
  4031 | D:4      | Found a shimmering blue altar of Sif Muna.
  4031 | D:4      | Found an iron altar of Okawaru.
  4046 | D:4      | Reached skill level 5 in Armour
  4046 | D:4      | Reached skill level 5 in Shields
  4046 | D:4      | Reached XP level 7. HP: 30/61 MP: 7/7
  4303 | D:4      | Found an ancient bone altar of Kikubaaqudgha.
  4312 | D:4      | Became a worshipper of Warmaster Okawaru
  4949 | D:5      | Entered Level 5 of the Dungeon
  5127 | D:5      | Found Orouweme's Magic Scroll Boutique.
  5139 | D:5      | Bought a scroll of identify for 24 gold pieces
  5139 | D:5      | Bought a scroll of identify for 24 gold pieces
  5139 | D:5      | Bought a scroll of identify for 24 gold pieces
  5139 | D:5      | Bought a scroll of brand weapon for 114 gold pieces
  5215 | D:5      | Found an ornate altar of the Wu Jian Council.
  5227 | D:5      | Noticed Eustachio
  5235 | D:5      | Killed Eustachio
  5236 | D:5      | Reached skill level 6 in Axes
  5236 | D:5      | Reached XP level 8. HP: 67/71 MP: 8/8
  5260 | D:5      | Noticed a +0 falchion
  5262 | D:5      | Noticed a +0 spear
  5262 | D:5      | Noticed a +0 short sword
  5262 | D:5      | Noticed a +0 spear
  5263 | D:5      | Noticed a +0 short sword
  5263 | D:5      | Noticed a +0 dagger
  5263 | D:5      | Noticed a +0 dagger
  5264 | D:5      | Noticed a +0 falchion
  5277 | D:5      | Found a hide-covered altar of Uskayaw.
  5331 | D:5      | Reached * piety under Okawaru
  5987 | D:5      | Reached skill level 7 in Axes
  6256 | D:6      | Found Cunai's Antique Armour Emporium.
  6285 | D:6      | Reached ** piety under Okawaru
  6291 | D:6      | Reached XP level 9. HP: 76/79 MP: 9/9
  6494 | D:6      | Found a hazy altar of Hepliaklqana.
  6497 | D:6      | Found a sparkling altar of Nemelex Xobeh.
  6498 | D:6      | Found a shimmering altar of Xom.
  6499 | D:6      | Found a glowing silver altar of Zin.
  6512 | D:6      | Reached skill level 8 in Axes
  6681 | D:6      | Identified the amulet of Larheotur {Acrobat rF- Will+
                  | Str+6}
  6720 | D:6      | Found a glowing golden altar of the Shining One.
  7075 | D:7      | Found a staircase to the Ecumenical Temple.
  7100 | D:7      | Reached *** piety under Okawaru
  7163 | D:7      | Reached skill level 9 in Axes
  7758 | D:8      | Noticed Psyche
  7790 | D:8      | Killed Psyche
  7847 | D:8      | Reached XP level 10. HP: 77/91 MP: 10/10
  8125 | D:8      | Reached **** piety under Okawaru
  8133 | D:8      | Noticed a two-headed ogre
  8158 | D:8      | Killed a two-headed ogre
  8256 | D:8      | Reached skill level 10 in Axes
  9170 | D:9      | Found a staircase to the Orcish Mines.
  9202 | D:9      | Reached skill level 10 in Fighting
  9326 | D:9      | Identified the +1 leather armour of the Enchanted Forest
                  | {rC++ Int+2}
  9670 | D:9      | Found Lozukh's Self-Improvement Boutique.
  9691 | D:9      | Reached ***** piety under Okawaru
  9947 | D:9      | Noticed a manticore
  9957 | D:9      | Killed a manticore
  9958 | D:9      | Reached skill level 11 in Axes
  9958 | D:9      | Reached XP level 11. HP: 85/101 MP: 11/11
 10586 | D:10     | Entered Level 10 of the Dungeon
 10596 | D:10     | Found an opulent altar of Gozag.
 10758 | D:10     | Found a portal to a secret trove of treasure.
 11013 | D:10     | HP: 5/101 [electric eel/bolt of electricity (12)]
 11631 | D:10     | Found a blossoming altar of Fedhas.
 11754 | D:10     | Reached skill level 10 in Armour
 11758 | D:10     | Reached skill level 10 in Shields
 12322 | D:10     | HP: 1/102 [komodo dragon (27)]
 12963 | D:10     | Found a staircase to the Lair.
 13102 | D:11     | Noticed a two-headed ogre
 13283 | D:11     | Noticed a two-headed ogre
 13300 | D:11     | Killed a two-headed ogre
 13330 | D:11     | Found a radiant altar of Vehumet.
 13346 | D:11     | Killed a two-headed ogre
 13349 | D:11     | Noticed a boulder beetle
 13350 | D:11     | Reached skill level 12 in Axes
 13364 | D:11     | Killed a boulder beetle
 13368 | D:11     | Noticed a five-headed hydra
 13743 | D:11     | Identified the +11 broad axe "Monlampyq" {speed, Dex+4}
                  | (Okawaru gifted it to you on level 11 of the Dungeon)
 13743 | D:11     | Received a gift from Okawaru
 13844 | D:11     | Killed an 11-headed hydra
 14138 | D:11     | Noticed a four-headed hydra
 14145 | D:11     | Killed an eight-headed hydra
 14440 | D:12     | Noticed a manticore
 14468 | D:12     | Killed a manticore
 14468 | D:12     | Reached ****** piety under Okawaru
 14469 | D:12     | Reached XP level 12. HP: 70/112 MP: 12/12
 14827 | D:12     | Noticed Kirke
 14835 | D:12     | Received a gift from Okawaru
 14844 | D:12     | Killed Kirke
 14845 | D:12     | Reached skill level 13 in Axes
 14992 | D:12     | Identified the +1 helmet of Optimism {SInv}
 15635 | D:12     | Noticed a two-headed ogre
 15650 | D:12     | Killed a two-headed ogre
 15650 | D:12     | Received a gift from Okawaru
 15838 | D:13     | Noticed a five-headed hydra
 15842 | D:13     | Noticed a boulder beetle
 15863 | D:13     | Killed a nine-headed hydra
 15933 | D:13     | Noticed Lodul
 16248 | D:13     | Noticed a centaur warrior
 16302 | D:13     | Found Sicsehel's Distillery.
 16410 | D:13     | Noticed a centaur warrior
 16411 | D:13     | Shot with an arrow by a centaur warrior

Illustrated notes

Levels and vault maps discovered:
D:1:      lemuel_arrival_muddy, layout_loops_corners, hangedman_decor_riveting,
          minmay_pentomino_z4
D:2:      layout_basic, shapermc_ecumenical_altar_mp_ritualfount, uniq_terence
D:3:      minmay_razor_zed, layout_basic, overflow_temple_1_default,
          cheibrodos_sewer_entry_drain, uniq_jessica
D:4:      layout_basic, grunt_temple_overflow_open, columned_hall_lemuel,
          minmay_pentangle
D:5:      kennysheep_steamy, layout_basic, nicolae_uskayaw_en_pointe,
          old_standard_altar, serial_shops, shop, uniq_eustachio
D:6:      layout_loops_ring, nicolae_tso_carved_into_rock,
          mainiacjoe_overflow_tiny_flanked,
          chequers_temple_overflow_statue_of_worship, serial_shops,
          nicolae_stop_n_shop_1
D:7:      layout_gridville, minmay_temple_entry_waves, minivault_22
D:8:      layout_gridville, dreamdust_princess_corridor, grunt_ministairs_7,
          minmay_misc_feat_encased, uniq_psyche
D:9:      old_forge, layout_loops_corners, orc_david_3, nicolae_shop_self_help
D:10:     layout_basic, fedhas_bush_and_centaur_altar, amcnicky_altar_gilded,
          erik_lair_dragon, nicolae_trove_entry_free_sample
D:11:     layout_rooms, gauntlet_entry_generic, vehumet_altar_wand_db
D:12:     layout_basic, uniq_kirke
D:13:     minmay_nested_s, layout_irregular_city, serial_shops, shop,
          gammafunk_ghost_nasty_kobolds, pf_eden, uniq_lodul

Skill      XL: |  1  2  3  4  5  6  7  8  9 10 11 12 |
---------------+-------------------------------------+-----
Axes           | 3 4 5 6 7 9 11 12 13 | 13.6
Fighting       | 4 5 6 7 9 10 11 12 | 12.8
Armour         | 4 5 6 8 9 11 | 11.8
Shields        | 4 5 6 8 9 11 | 11.8

Action                   |  1- 3 |  4- 6 |  7- 9 | 10-12 || total
-------------------------+-------+-------+-------+-------++-------
Melee: War axe           |   111 |   151 |   243 |   304 ||   809
       Broad axe         |       |       |       |   109 ||   109
Evoke: Wand              |       |       |       |    15 ||    15
  Use: Scroll            |     3 |     4 |    12 |     8 ||    27
       Potion            |       |       |     1 |     7 ||     8
 Stab: Paralysed         |       |       |       |     3 ||     3
       Held in net/web   |       |       |       |     1 ||     1
       Distracted        |       |       |       |     1 ||     1
Armor: Scale mail        |    49 |    30 |       |       ||    79
       Plate armour      |       |    52 |   165 |   223 ||   440
Dodge: Dodged            |    47 |    63 |    63 |   189 ||   362
Block: Buckler           |    16 |    30 |    50 |   150 ||   246
